 Dungeon Crawl Stone Soup version 0.13-a0-2060-gccfd96d (webtiles) character file.

235 M4edhros the Sneak (level 4, 0/29 HPs)
             Began as an Octopode Artificer on June 26, 2013.
             Succumbed to an adder's poison
             ... on Level 3 of the Dungeon.
             The game lasted 00:02:40 (1658 turns).

M4edhros the Sneak (Octopode Artificer)             Turns: 1658, Time: 00:02:40

HP   0/29        AC  1     Str 10      XL: 4   Next: 87%
MP   6/6         EV 12     Int 15      God:
Gold 127         SH  8     Dex 12      Spells:  0 memorised,  3 levels left

Res.Fire  : + . .   See Invis. : .   m - +1,+0 elf spear
Res.Cold  : + . .   Warding    : .   v - +1 buckler
Life Prot.: . . .   Conserve   : .   (helmet restricted)
Res.Poison: +       Res.Corr.  : .   (no amulet)
Res.Elec. : +       Clarity    : .   (no ring)
Sust.Abil.: . .     Spirit.Shd : .   (no ring)
Res.Mut.  : .       Stasis     : .   (no ring)
Res.Rott. : .       Flight     : .   (no ring)
Saprovore : . . .                    (no ring)
                                     (no ring)
                                     (no ring)
                                     (no ring)

@: mildly poisoned, very slightly contaminated, hasted, very quick, slightly
resistant to hostile enchantments, quite stealthy
A: almost no armour, amphibious, 8 rings, constrict 8, camouflage 1, sense
surroundings 1, AC +1
a: no special abilities


You were on level 3 of the Dungeon.
You were not hungry.

You visited 1 branch of the dungeon, and saw 3 of its levels.

You collected 107 gold pieces.

Inventory:

Hand weapons
 a - a +0,+0 short sword
 m - a +1,+0 elven spear (weapon)
Armour
 v - a +1 buckler (worn)
Magical devices
 b - a wand of flame (8)
 c - a wand of enslavement (14)
 d - a wand of random effects (15)
Comestibles
 f - 2 bread rations
 n - a chunk of gnoll flesh
 q - a choko
 x - an orange
Scrolls
 e - 4 scrolls of identify {unknown}
 g - a scroll of enchant weapon II {unknown}
 h - 3 scrolls of enchant armour {unknown}
 k - a scroll of random uselessness {unknown}
 l - a scroll of teleportation {unknown}
 o - 2 scrolls of curse weapon {unknown}
 p - a scroll of amnesia {unknown}
 s - 2 scrolls of remove curse {unknown}
 u - a scroll of curse jewellery {unknown}
Jewellery
 y - an uncursed ring of life protection {unknown}
Potions
 i - a potion of restore abilities
 j - a potion of resistance


   Skills:
 - Level 1.0 Fighting
 - Level 1.0 Short Blades
 * Level 2.4 Polearms
 + Level 3.1 Dodging
 + Level 3.3 Stealth
 + Level 0.8 Shields
 - Level 2.1 Traps
 - Level 3.2 Evocations


You had 3 spell levels left.
You didn't know any spells.

Dungeon Overview and Level Annotations

Branches:
Dungeon (3/27)

Altars:
Zin

Annotations
D:3 Bastard's ghost, average DsMo


Innate Abilities, Weirdness & Mutations

You cannot wear most types of armour.
You are amphibious.
You can wear up to eight rings at the same time.
You can use your tentacles to constrict many enemies at once.
Your skin changes colour to match your surroundings (Stlth).
Your rubbery body absorbs attacks (AC +1).
You passively map a small area around you.


Message History

Things that are here:
an orcish flail; a gnoll corpse You start butchering the gnoll corpse with your knife.
You continue butchering the corpse.
You finish chopping the gnoll corpse into pieces.
n - 3 chunks of gnoll flesh You see here an orcish flail.
Eat one of 3 chunks of gnoll flesh? (ye/n/q/i?) This raw flesh tastes terrible.
You are feeling hungry.
You continue eating.
* * * LOW HITPOINT WARNING * * *
You feel sick.
Eat one of 2 chunks of gnoll flesh? (ye/n/q/i?) This raw flesh tastes terrible.
You continue eating.
* * * LOW HITPOINT WARNING * * *
You feel sick.
You continue eating.
You die...

#####.# * ,
##...#... *
##.%....>..
##...^.....#
*#.##.g.......##
,
.....gg(%......##
* #.........# ,*
###...#...#.* * *
, #@..)....## ,
#.######.# #)# #
#)# *, #.#
#.###### *
#.).)..# ######.#
* , #.#, ,


There were no monsters in sight!

Vanquished Creatures
  3 gnolls (D:3)
  5 adders
  A giant gecko (D:2)
  An orc (D:3)
  3 bats
  3 giant cockroaches
  5 goblins
  4 hobgoblins
  3 jackals (D:1)
  8 kobolds
  A ball python (D:3)
  6 giant newts
  8 rats
51 creatures vanquished.

Notes
Turn   | Place    | Note
--------------------------------------------------------------
     0 | D:1      | M4edhros, the Octopode Artificer, began the quest for the Orb.
     0 | D:1      | Reached XP level 1. HP: 14/14 MP: 1/1
     3 | D:1      | Noticed a giant goldfish
     3 | D:1      | Noticed a shark
   108 | D:1      | Reached XP level 2. HP: 12/19 MP: 3/3
   484 | D:2      | Reached skill level 1 in Polearms
   484 | D:2      | Reached XP level 3. HP: 17/24 MP: 4/4
   829 | D:2      | Reached XP level 4. HP: 29/29 MP: 6/6
  1213 | D:3      | Noticed Bastard's ghost (average DsMo)
  1536 | D:3      | Found a glowing silver altar of Zin.
  1629 | D:3      | Paralysed by a potion of paralysis for 6 turns
  1636 | D:3      | Gained mutation: You passively map a small area around you. [potion of beneficial mutation]
  1655 | D:3      | HP: 1/29 [poisoned by an adder]
  1658 | D:3      | Succumbed to an adder's poison

Action                   |  1- 3 |  4- 6 || total
-------------------------+-------+-------++-------
Melee: Short sword       |    22 |       ||    22
       Spear             |    51 |    44 ||    95
Evoke: Wand              |       |     8 ||     8
  Use: Potion            |       |     6 ||     6
 Stab: Sleeping          |     8 |     4 ||    12
       Distracted        |     1 |       ||     1
